 Dungeon Crawl Stone Soup version 0.27-a0-1312-g5cdb2b3542 (webtiles) character file.

Game seed: 5980914312984097807

707 Conn the Firebug (level 7, -2/41 HPs)
             Began as an Octopode Fire Elementalist on June 20, 2021.
             Slain by a centaur (11 damage)
             ... on level 4 of the Dungeon.
             The game lasted 00:13:07 (5239 turns).

Conn the Firebug (Octopode Fire Elementalist)       Turns: 5239, Time: 00:13:07

Health: -2/41      AC:  1    Str:  8    XL:     7   Next: 67%
Magic:  8/12       EV: 13    Int: 19    God:
Gold:   253        SH:  0    Dex: 12    Spells: 0/13 levels left

rFire    . . .     SeeInvis .   n - +1 short sword (vamp)
rCold    . . .     Faith    .   (no shield)
rNeg     . . .     Spirit   .   (helmet restricted)
rPois    .         Reflect  .   (no amulet)
rElec    .         Harm     .   (no ring)
rCorr    .         Rampage  .   (no ring)
Will     .....                  (no ring)
Stlth    +++.......             (no ring)
HPRegen  0.13/turn              (no ring)
MPRegen  0.13/turn              (no ring)
                                (no ring)
                                (no ring)

@: mighty
A: almost no armour, amphibious, 8 rings, camouflage 1, gelatinous body 1,
(nimble swimmer 1), tentacles
a: no special abilities


You were on level 4 of the Dungeon.
You visited 1 branch of the dungeon, and saw 7 of its levels.

You collected 253 gold pieces.

Inventory:

Hand Weapons
 a - a +2 quarterstaff of chaos
 c - a +0 dagger
 j - a +3 hunting sling
 n - a +1 vampiric short sword (weapon)
 o - a +1 mace of holy wrath
Scrolls
 e - a scroll of magic mapping
 m - a scroll of noise
Potions
 d - a potion of mutation {unknown}
 f - a potion of berserk rage {unknown}
 g - a potion of haste {unknown}
 h - a potion of resistance {unknown}
 p - a potion of curing {unknown}
 q - a potion of attraction {unknown}


   Skills:
 + Level 0.2 Fighting
 + Level 0.3 Short Blades
 + Level 2.6 Dodging
 + Level 4.0 Stealth
 + Level 0.2 Unarmed Combat
 + Level 3.9 Spellcasting
 * Level 4.4 Conjurations
 * Level 5.6 Fire Magic


You couldn't memorise any spells.
You knew the following spells:

 Your Spells              Type           Power      Damage    Failure   Level
a - Foxfire               Conj/Fire      88%        2x1d8     1%          1
b - Conjure Flame         Conj/Fire      22%        6-21      5%          3
c - Inner Flame           Hex/Fire       14%        N/A       13%         3
d - Sticky Flame          Conj/Fire      22%        2d4       17%         4
e - Searing Ray           Conj           40%        3d4       3%          2

Your spell library contained the following spells:

 Spells                   Type           Power      Damage    Failure   Level
 Magic Dart               Conj           80%        1d7       2%          1
 Dazzling Flash           Conj/Hex       24%        N/A       17%         3
 Fireball                 Conj/Fire      11%        3d7       43%         5
 Fulminant Prism          Conj/Hex       6%         3d7       50%         4
 Iskenderun's Mystic Bla  Conj/Tloc      12%        2d5       50%         4


Dungeon Overview and Level Annotations

Branches:
Dungeon (7/15)             Temple (0/1) D:7

Altars:
Dithmenos
Uskayaw
Vehumet

Annotations:
D:7 Harold


Innate Abilities, Weirdness & Mutations

You cannot wear most types of armour.
You are amphibious.
You can wear up to eight rings at the same time.
Your skin changes colour to match your surroundings (Stealth+).
Your rubbery body absorbs attacks. (AC +1, EV +1)
((You are camouflaged near water. (Stealth+)))
You have tentacles for arms and can constrict up to eight enemies at once.


Message History

Okay, then.
You aren't carrying any items that you can evoke.
As you read the scroll labelled VUXIJ HAUSADD, it crumbles to dust.
You hear a loud clanging noise!
It was a scroll of noise.
The centaur shouts!
The centaur shoots an arrow.
The arrow hits you!
The centaur shoots an arrow.
The arrow hits you.
It was a potion of heal wounds.
You feel much better.
The centaur shoots an arrow.
The arrow hits you!
As you read the scroll labelled KYILORHEURO, it crumbles to dust.
It is a scroll of enchant weapon.
Your +0 short sword glows red for a moment.
The centaur shoots an arrow.
The arrow hits you!
As you read the scroll labelled ASHIPYTEHE, it crumbles to dust.
It is a scroll of amnesia.
Really abort (and waste the scroll)?
Okay, then.
As you read the scroll labelled MEETOVV HEAKH, it crumbles to dust.
It is a scroll of brand weapon.
Your +1 short sword thirsts for the lives of mortals!
n - a +1 vampiric short sword (weapon)
The centaur shoots an arrow.
The arrow hits you.
* * * LOW HITPOINT WARNING * * *
The centaur shoots an arrow.
The arrow barely misses you.
You feel much better.
The centaur shoots an arrow.
The arrow hits you!
Okay, then.
Okay, then.
Okay, then.
It was a potion of might.
You feel very mighty all of a sudden.
You closely miss the centaur.
The centaur unwields a +0 shortbow.
The centaur wields a +0 mace.
The centaur hits you with a +0 mace! The centaur barely misses you.
The centaur hits you with a +0 mace.
* * * LOW HITPOINT WARNING * * *
The centaur kicks you.
* * * LOW HITPOINT WARNING * * *
Okay, then.
You closely miss the centaur. The centaur hits you with a +0 mace!
You die...

############
##..........##
##..@.........##
#...c..........#
#..............#
#............[.#
#..............#
#......>.....[.# ##
##(....).......##
##.
##.............###..
#.............##...


You could see a centaur.

Vanquished Creatures
  An ice beast (D:5)
  A sky beast (D:6)
  An ogre (D:4)
  2 jellies
  A centaur skeleton (D:3)
  A hound (D:5)
  Crazy Yiuf (D:4)
  A bullfrog skeleton (D:3)
  An iguana (D:5)
  A hound skeleton (D:4)
  3 gnolls
  9 adders
  2 worms
  3 dart slugs
  3 orcs (D:3)
  8 bats
  8 endoplasms
  4 giant cockroaches
  14 goblins
  7 hobgoblins
  4 jackals
  6 quokkas
  10 ball pythons
  3 frilled lizards
  8 kobolds
  10 rats
113 creatures vanquished.

Vanquished Creatures (others)
  427 foxfires
427 creatures vanquished.

Grand Total: 540 creatures vanquished

Notes
Turn   | Place    | Note
-------+----------+-------------------------------------------
     0 | D:1      | Conn the Octopode Fire Elementalist began the quest for the
                  | Orb.
     0 | D:1      | Reached XP level 1. HP: 11/11 MP: 3/3
   240 | D:1      | Reached XP level 2. HP: 17/17 MP: 3/5
   679 | D:1      | Found a faded altar of an unknown god.
   755 | D:1      | Reached XP level 3. HP: 21/21 MP: 2/6
   768 | D:1      | Learned a level 3 spell: Conjure Flame
  1810 | D:2      | Reached skill level 4 in Fire Magic
  1810 | D:2      | Reached XP level 4. HP: 24/27 MP: 3/7
  2414 | D:2      | Found a radiant altar of Vehumet.
  2458 | D:2      | Reached XP level 5. HP: 19/31 MP: 4/9
  3111 | D:3      | Learned a level 3 spell: Inner Flame
  3643 | D:3      | Reached XP level 6. HP: 20/36 MP: 6/10
  3918 | D:3      | Learned a level 2 spell: Searing Ray
  4175 | D:4      | Found a runed translucent door.
  4176 | D:4      | Noticed Crazy Yiuf
  4194 | D:4      | Killed Crazy Yiuf
  4301 | D:4      | Reached skill level 5 in Fire Magic
  4520 | D:4      | You fall into a shaft and drop 3 floors!
  4565 | D:7      | Noticed Harold
  4599 | D:6      | Noticed a sky beast
  4608 | D:6      | Killed a sky beast
  4609 | D:6      | Reached XP level 7. HP: 41/41 MP: 6/12
  4665 | D:5      | Entered Level 5 of the Dungeon
  4813 | D:4      | Learned a level 4 spell: Sticky Flame
  5111 | D:5      | Found a shadowy altar of Dithmenos.
  5114 | D:5      | Found a hide-covered altar of Uskayaw.
  5239 | D:4      | Slain by a centaur

Illustrated notes

Levels and vault maps discovered:
D:1:      roderic_crop_circles_arrival_small, layout_basic,
          ebering_ecumenical_altar_ruins, ebering_dispersal_statue_hall,
          minmay_misc_feat_doors, st_stairs_7, serial_park_tiny_pond,
          hex_intersection
D:2:      kennysheep_six_static_rooms, layout_basic, basic_altar,
          minmay_goblin_outpost
D:3:      layout_rooms
D:4:      layout_rooms, uniq_crazy_yiuf_cottage
D:5:      layout_rooms, grunt_temple_overflow_open
D:6:      layout_loops_cross
D:7:      layout_basic, minmay_temple_entry_grid, kennysheep_decorative_pillar,
          roderic_roman_lattice, minmay_diced_spiral, uniq_harold

Skill      XL: |  1  2  3  4  5  6  7 |
---------------+----------------------+-----
Fire Magic     | 4 5 |  5.6
Spellcasting   | 3 |  3.9
Stealth        | 3 4 |  4.0
Conjurations   | 2 3 4 |  4.4
Fighting       | |  0.2
Short Blades   | |  0.3
Dodging        | |  2.6
Unarmed Combat | |  0.2

Action                   |  1- 3 |  4- 6 |  7- 9 || total
-------------------------+-------+-------+-------++-------
Melee: Unarmed           |     3 |       |       ||     3
       Dagger            |    10 |     2 |       ||    12
       Constrict         |     5 |       |     1 ||     6
       Tentacles         |     1 |       |     1 ||     2
       Short sword       |       |     3 |     4 ||     7
 Cast: Foxfire           |    58 |   138 |    39 ||   235
       Conjure Flame     |       |     3 |     2 ||     5
  Use: Potion            |       |     1 |     3 ||     4
       Scroll            |       |     2 |     4 ||     6
 Stab: Sleeping          |     2 |     1 |       ||     3
       Invisible         |       |     1 |       ||     1
Armor: Skin              |     5 |     6 |       ||    11
Dodge: Dodged            |    20 |    51 |    11 ||    82

Table legend: (Time is in decaauts)
 A = Elapsed time spent in this place.
 B = Non-inter-level travel time spent in this place.
 C = Inter-level travel time spent in this place.
 D = Time resting spent in this place.
 E = Time spent auto-exploring this place.
 F = Levels seen in this place.
 G = Mean time per level.
                   A        B        C        D        E       F      G
               +--------+--------+--------+--------+--------+-----+--------+
         Total |   5240 |   5155 |     85 |    791 |   2986 |   7 |  748.6 |
       Dungeon |   5240 |   5155 |     85 |    791 |   2986 |   7 |  748.6 |
               +--------+--------+--------+--------+--------+-----+--------+

Top non-repeatable levels by time:
     D:1: 1678 daAuts
     D:2: 1374 daAuts
     D:3: 983 daAuts
     D:4: 784 daAuts
     D:5: 276 daAuts
     D:7: 78 daAuts
     D:6: 65 daAuts
